 Dungeon Crawl Stone Soup version 0.18.1-48-g4cf74bf (webtiles) character file.

31 Alarkh the Shooter (level 3, -2/27 HPs)
             Began as a Mummy Hunter on Aug 13, 2016.
             Slain by Natasha (7 damage)
             ... on level 2 of the Dungeon.
             The game lasted 00:01:23 (712 turns).

Alarkh the Shooter (Mummy Hunter)                    Turns: 712, Time: 00:01:23

Health: -2/27      AC:  5    Str: 15    XL:     3   Next: 7%
Magic:  3/3        EV: 11    Int: 11    God:
Gold:   34         SH:  0    Dex: 12    Spells: 0 memorised, 2 levels left

rFire  x . .     SeeInvis .     a - +1 shortbow
rCold  + . .     Gourm    .     c - +0 leather armour
rNeg   + + +     Faith    .     (shield currently unavailable)
rPois  ∞         Spirit   .     (no helmet)
rElec  .         Dismiss  .     (no cloak)
rCorr  .         Reflect  .     e - +1 pair of gloves
SustAt .         Harm     .     (no boots)
MR     .....                    (no amulet)
Stlth  +.........               (no ring)
                                (no ring)

@: not resistant to hostile enchantments, very unstealthy
A: no food or potions, fire vulnerability, cold resistance 1, negative energy
resistance 3, torment resistance, unbreathing
a: no special abilities


You were on level 2 of the Dungeon.
You were not hungry.

You visited 1 branch of the dungeon, and saw 2 of its levels.

You collected 34 gold pieces.

Inventory:

Hand Weapons
 a - a +1 shortbow (weapon)
 b - a +0 short sword
Missiles
 d - an arrow (quivered)
Armour
 c - a +0 leather armour (worn)
 e - a +1 pair of gloves (worn)
Scrolls
 f - a scroll of fog {unknown}
 g - a scroll of remove curse {unknown}
 h - 2 scrolls of identify {unknown}
 i - a scroll of enchant armour {unknown}
 j - a scroll of fear {unknown}
 k - 2 scrolls of immolation {unknown}
 l - a scroll of magic mapping {unknown}


   Skills:
 - Level 2.0 Fighting
 + Level 4.1 Bows
 - Level 1.5 Dodging
 - Level 0.7 Stealth


You had 2 spell levels left.
You didn't know any spells.

Dungeon Overview and Level Annotations

Branches:
Dungeon (2/15)

Altars:

Annotations:
D:2 Natasha


Innate Abilities, Weirdness & Mutations

You do not eat or drink.
Your flesh is vulnerable to fire.
You are immune to poison.
Your flesh is cold resistant.
You are immune to negative energy.
You are immune to unholy pain and torment.
You can survive without breathing.


Message History

Natasha is severely wounded.
The iron imp hits you! Natasha barely misses you.
Firing (i - inventory):
d - 4 arrows (quivered)
Press: ? - help, Shift-Dir - straight line, f/p - Natasha
Aim: Natasha (severely wounded, unusually resistant)
You shoot an arrow. The arrow hits Natasha.
Natasha is almost dead.
Natasha barely misses you. The iron imp hits you.
* * * LOW HITPOINT WARNING * * *
Firing (i - inventory):
d - 3 arrows (quivered)
Press: ? - help, Shift-Dir - straight line, f/p - Natasha
Aim: Natasha (severely wounded, unusually resistant)
You shoot an arrow. The arrow completely misses Natasha.
Natasha claws you but does no damage. The iron imp hits you.
* * * LOW HITPOINT WARNING * * *
Firing (i - inventory):
d - 2 arrows (quivered)
Press: ? - help, Shift-Dir - straight line, f/p - Natasha
Aim: Natasha (severely wounded, unusually resistant)
You shoot an arrow. The arrow barely misses Natasha.
Natasha claws you!
You die...

..#.# ##.###.#.#
..#.###...##.#.#####
....†...#..#.......#
..#####....#.......#
..# ##.#.##.....†#
.## .#.###.##(## .#
.#.##..##.# .#####
.#.#...##.# ..>..
.........@.# ##.##
.# #.....h5.#
#...##.#.#........#
................(.#
..................#
.....#!#.#.......##
#....#....(<.(...#
##.......#...(....
##..#####


You could see an iron imp and Natasha.

Vanquished Creatures
  A gnoll (D:1)
  A worm (D:2)
  A dart slug (D:1)
  A giant gecko (D:1)
  A bat (D:2)
  3 goblins (D:1)
  A hobgoblin (D:1)
  2 kobolds (D:2)
  2 ball pythons (D:1)
  A giant newt (D:2)
  A rat (D:1)
15 creatures vanquished.

Notes
Turn   | Place    | Note
--------------------------------------------------------------
     0 | D:1      | Alarkh the Mummy Hunter began the quest for the Orb.
     0 | D:1      | Reached XP level 1. HP: 16/16 MP: 1/1
   310 | D:1      | Reached XP level 2. HP: 22/22 MP: 2/2
   510 | D:1      | Reached skill level 4 in Bows
   676 | D:2      | Reached XP level 3. HP: 27/27 MP: 3/3
   700 | D:2      | Noticed Natasha
   712 | D:2      | Slain by Natasha

Skill      XL: |  1  2 |
---------------+-------+-----
Bows           | 4 |  4.1
Fighting       | |  2.0
Dodging        | |  1.5
Stealth        | |  0.7

Action                   || total
-------------------------++-------
 Fire: Shortbow          ||    46
Armor: Leather armour    ||     3
Dodge: Dodged            ||     7
